 Dungeon Crawl Stone Soup version 0.24-b1 (webtiles) character file.

Game seed: 5560384260196623209, levelgen mode: deterministic

254 Arixos the Charmwright (level 6, 0/32 HPs)
             Began as a Vine Stalker Skald on Oct 12, 2019.
             Slain by Sigmund
             ... wielding a +0 scythe
              (10 damage)
             ... on level 4 of the Dungeon.
             The game lasted 00:14:50 (3832 turns).

Arixos the Charmwright (Vine Stalker Skald)         Turns: 3832, Time: 00:14:50

Health: 0/32       AC:  6    Str: 14    XL:     6   Next: 14%
Magic:  0/11       EV: 13    Int: 13    God:
Gold:   119        SH:  0    Dex: 15    Spells: 6/11 levels left

rFire    . . .     SeeInvis .   a - +0 falchion
rCold    . . .     Gourm    .   (no shield)
rNeg     . . .     Faith    .   b - +0 leather armour
rPois    .         Spirit   +   (no helmet)
rElec    .         Reflect  .   (no cloak)
rCorr    .         Harm     .   q - +2 pair of gloves
MR       .....                  (no boots)
Stlth    +.........             (no amulet)
HPRegen  0.50/turn              f - ring of flight
MPRegen  0.12/turn              j - +1 ring of evasion

@: shrouded, singing, very slightly contaminated
A: fangs 2, regeneration 1, magic shield, antimagic bite, no potion heal 3, rot
immunity
a: Evoke Flight


You were on level 4 of the Dungeon.
You were not hungry.

You visited 1 branch of the dungeon, and saw 4 of its levels.

You collected 119 gold pieces.

Inventory:

Hand Weapons
 a - a +0 falchion (weapon)
Missiles
 c - 3 curare-tipped darts
 k - 14 poisoned darts (quivered)
Armour
 b - a +0 leather armour (worn)
 q - a +2 pair of gloves (worn)
Jewellery
 f - a ring of flight (left hand)
 j - a +1 ring of evasion (right hand)
Scrolls
 e - 4 scrolls of fear {unknown}
 g - a scroll of remove curse {unknown}
 h - 6 scrolls of identify {unknown}
 i - 2 scrolls of enchant weapon {unknown}
 m - 2 scrolls of teleportation {unknown}
 o - a scroll of magic mapping {unknown}
 p - a scroll of immolation {unknown}
Potions
 l - 2 potions of berserk rage {unknown}
Comestibles
 d - 12 rations
 n - a chunk of flesh


   Skills:
 + Level 2.8 Fighting
 + Level 2.8 Long Blades
 - Level 0.7 Armour
 + Level 2.5 Dodging
 + Level 3.2 Spellcasting
 + Level 3.8 Charms
 + Level 1.8 Translocations


You had 6 spell levels left.
You knew the following spells:

 Your Spells              Type           Power        Failure   Level  Hunger
a - Song of Slaying       Chrm           ##......     9%          2    ##.....
b - Infusion              Chrm           ##..         6%          1    #......
s - Shroud of Golubria    Chrm/Tloc      #.....       14%         2    ##.....

Your spell library contained the following spells:

 Spells                   Type           Power        Failure   Level  Hunger
 Regeneration             Chrm/Necr      #.........   36%         3    ###....
 Spectral Weapon          Hex/Chrm       #.......     36%         3    ###....


Dungeon Overview and Level Annotations

Branches:
Dungeon (4/15)
 Temple: D:4-7

Altars:
Qazlal
Yredelemnul
The Shining One

Annotations:
D:4 Sigmund


Innate Abilities, Weirdness & Mutations

You have extremely sharp teeth.
Your natural rate of healing is unusually fast.
When hurt, damage is shared between your health and your magic reserves.
Your bite disrupts and absorbs the magic of your enemies.
Potions cannot restore your health.
You are immune to rotting.


Message History

You hear a bark!
The jackal misses you.
Your shroud bends the jackal's attack away.
You hit the jackal.
You kill the jackal!
You hear a bark!
Something hits you.
Your shroud falls apart!
Something hits you!
A jackal comes into view.
Something hits you.
* * * LOW HITPOINT WARNING * * *
There is a stone staircase leading up here.
Casting: Shroud of Golubria (safe; 14% risk of failure)
Confirm with . or Enter, or press ? or * to list all spells.
Space distorts slightly along a thin shroud covering your body.
You barely miss something. Your bite misses something.
Something hits you but does no damage.
You completely miss something. Something hits you!
You die...

..##
... ...
..#
#.### #
#h..
#.###{#
#..†.@#
#######


You could see a jackal.

Vanquished Creatures
  Natasha (thrice) (D:3)
  Terence (D:3)
  6 adders
  An ooze (D:1)
  3 worms
  A dart slug (D:2)
  2 leopard geckos (D:1)
  6 orcs (D:3)
  2 bat zombies (D:1)
  A giant cockroach (D:3)
  8 goblins
  7 hobgoblins
  8 jackals
  7 kobolds
  11 bats
  3 frilled lizards (D:3)
  10 rats
80 creatures vanquished.

Notes
Turn   | Place    | Note
-------+----------+-------------------------------------------
     0 | D:1      | Arixos the Vine Stalker Skald began the quest for the Orb.
     0 | D:1      | Reached XP level 1. HP: 11/11 MP: 4/4
   146 | D:1      | Reached XP level 2. HP: 12/15 MP: 6/6
   219 | D:1      | Learned a level 2 spell: Shroud of Golubria
   531 | D:1      | Reached XP level 3. HP: 16/18 MP: 7/7
  1459 | D:1      | Learned a level 2 spell: Song of Slaying
  1685 | D:2      | Gained mutation: Your natural rate of healing is unusually
                  | fast. [Vine Stalker growth]
  1685 | D:2      | Reached XP level 4. HP: 16/23 MP: 5/8
  1686 | D:2      | Noticed a water elemental
  1687 | D:2      | Found a stormy altar of Qazlal.
  1777 | D:2      | Found a glowing golden altar of the Shining One.
  1953 | D:2      | Noticed a fire elemental
  1975 | D:2      | Noticed an earth elemental
  1975 | D:2      | Noticed an air elemental
  2161 | D:3      | Reached skill level 1 in Translocations
  2209 | D:3      | Reached XP level 5. HP: 25/27 MP: 8/10
  2221 | D:3      | Noticed Terence
  2237 | D:3      | Killed Terence
  2642 | D:3      | Found a basalt altar of Yredelemnul.
  2907 | D:3      | Noticed Natasha
  2923 | D:3      | Killed Natasha
  2937 | D:3      | Found a basalt altar of Yredelemnul.
  3208 | D:3      | Noticed Natasha
  3220 | D:3      | Killed Natasha
  3220 | D:3      | Reached XP level 6. HP: 11/32 MP: 2/11
  3652 | D:3      | Found a basalt altar of Yredelemnul.
  3711 | D:3      | Noticed Natasha
  3719 | D:3      | Killed Natasha
  3813 | D:4      | Noticed Sigmund
  3832 | D:4      | Slain by Sigmund

Skill      XL: |  1  2  3  4  5 |
---------------+----------------+-----
Fighting       | 2 |  2.8
Long Blades    | 2 |  2.8
Dodging        | 2 |  2.5
Translocations | 1 |  1.8
Spellcasting   | 3 |  3.2
Armour         | |  0.7
Charms         | |  3.8

Action                   |  1- 3 |  4- 6 || total
-------------------------+-------+-------++-------
Melee: Falchion          |    92 |   158 ||   250
       Bite              |    25 |    54 ||    79
 Cast: Shroud of Golubri |     6 |    22 ||    28
       Song of Slaying   |       |     5 ||     5
 Stab: Sleeping          |     1 |       ||     1
  Eat: Chunk             |     3 |     6 ||     9
       Ration            |       |     1 ||     1
Armor: Leather armour    |    31 |    42 ||    73
Dodge: Dodged            |    82 |   125 ||   207
       Rpst.: Falchion   |    23 |    33 ||    56
